 Dungeon Crawl Stone Soup version 0.30.1-9-gdf580d7c3d (webtiles) character file.

Game seed: 605535936039987194

108 pop123321pop the Poker (level 4, 0/37 HPs)
             Began as a Demigod Fighter on Sept 30, 2023.
             Slain by an orc wizard
             ... wielding a +0 dagger
              (1 damage)
             ... on level 3 of the Dungeon.
             The game lasted 00:01:42 (1981 turns).

pop123321pop the Poker (Demigod Fighter)            Turns: 1981, Time: 00:01:43

Health: 0/37       AC:  7    Str: 17    XL:     4   Next: 33%
Magic:  6/6        EV:  9    Int: 10    God:
Gold:   118        SH:  5    Dex: 17    Spells: 3/3 levels left

rFire   . . .        a - +0 trident
rCold   + . .        c - +0 buckler
rNeg    . . .        b - +0 scale mail
rPois   .            (no helmet)
rElec   .            q - +0 cloak
rCorr   .            (no gloves)
SInv    .            (no boots)
Will    .....        (no amulet) Stlth
                     (no ring)
HPRegen 0.26/turn    (no ring)
MPRegen 0.10/turn

%: no passive effects
@: mighty
A: high MP 1, forlorn, divine attributes, cold resistance 1
a: no special abilities


You were on level 3 of the Dungeon.
You visited 1 branch of the dungeon, and saw 3 of its levels.

You collected 118 gold pieces.

Inventory:

Hand Weapons
 a - a +0 trident (weapon)
Armour
 b - a +0 scale mail (worn)
 c - a +0 buckler (worn)
 q - a +0 cloak (worn)
Jewellery
 k - the ring of the Feeding Gods {rC+ rN+ Str-4 Dex+2}
   (You found it on level 2 of the Dungeon)

   [ring of protection from cold]

   Str:       It affects your strength (-4).
   Dex:       It affects your dexterity (+2).
   rC:        It protects you from cold.
   rN:        It protects you from negative energy.
 p - a ring of resist corrosion
Scrolls
 e - 2 scrolls of blinking {unknown}
 g - 3 scrolls of immolation {unknown}
 j - a scroll of teleportation {unknown}
 m - 2 scrolls of identify {unknown}
 n - a scroll of enchant weapon {unknown}
Potions
 f - a potion of mutation
 h - a potion of haste {unknown}
 i - a potion of flight {unknown}
 l - a potion of magic
 o - a potion of brilliance {unknown}


   Skills:
 - Level 2.6 Fighting
 + Level 4.4 Polearms
 - Level 2.6 Armour
 - Level 2.6 Shields


You had 3 spell levels left.
You didn't know any spells.
Your spell library contained the following spells:

 Spells                   Type           Power      Damage    Failure   Level
 Ensorcelled Hibernation  Hex/Ice        0%         N/A       94%         2
 Passwall                 Tmut/Erth      0%         N/A       94%         2
 Swiftness                Air            0%         N/A       99%         3


Dungeon Overview and Level Annotations

Branches:
Dungeon (3/15)

Shops:
D:2 *   D:3 !


Innate Abilities, Weirdness & Mutations

You have an increased reservoir of magic. (+10% MP)
You shall have no god before yourself.
Your divine heritage dramatically boosts your attributes as you level up.
Your flesh is cold resistant. (rC+)


Message History

It was a potion of magic.
Magic courses through your body.
You feel sick. Something hits you but does no damage.
You block the orc's attack. You block the adder's attack.
You hit the orc.
The orc is severely wounded.
You feel sick. The adder bites you.
* * * LOW HITPOINT WARNING * * *
Something hits you but does no damage. You block the orc's attack.
The adder bites you but does no damage.
You barely miss the orc.
The orc is severely wounded.
You feel sick. The orc hits you but does no damage. Something hits you.
* * * LOW HITPOINT WARNING * * *
The adder bites you but does no damage. Something hits you but does no damage.
The orc closely misses you.
You barely miss the orc.
The orc is severely wounded.
You feel sick.
You are no longer poisoned.
You block the adder's attack. Something hits you but does no damage.
You block the orc's attack.
You puncture the orc!
You kill the orc!
The adder bites you but does no damage. The adder completely misses you.
Something hits you.
* * * LOW HITPOINT WARNING * * *
You impale the worm!!
You kill the worm!
The adder completely misses you. Something hits you but does no damage.
The adder bites you but does no damage. The adder misses you.
Things that are here:
a +0 flail; a worm corpse The adder misses you.
The adder attacks as you move away! The adder bites you but does no damage.
Something hits you.
* * * LOW HITPOINT WARNING * * *
The adder bites you.
* * * LOW HITPOINT WARNING * * *
Something hits you.
You die...

..S.#+## ####### ...#∩#####
###.._..### ####....
###.........##########.....
###..........)†..............
.........................###.
...........###.........###...
..####.########.....###...†.
#.J.oS@..#######.#.....
#)>.J..>.# ..........
.....######.....#.#.##..##
...#..# .#####.#.##.##
#...... # #.#....# ........
#....### ###..... #..#..#
#...#.# #..##.# ###.## .#


You could see an adder, an orc and 2 endoplasms.

Vanquished Creatures
  Jessica (D:2)
  3 adders (D:2)
  A worm (D:3)
  2 orcs (D:3)
  7 ball pythons
  4 endoplasms
  2 giant cockroaches
  7 goblins
  3 hobgoblins
  A quokka (D:3)
  3 bats
  3 frilled lizards
  8 kobolds
  8 rats
53 creatures vanquished.

Notes
Turn   | Place    | Note
-------+----------+-------------------------------------------
     0 | D:1      | pop123321pop the Demigod Fighter began the quest for the
                  | Orb.
     0 | D:1      | Reached XP level 1. HP: 18/18 MP: 3/3
    36 | D:1      | Reached skill level 2 in Polearms
   288 | D:1      | Reached XP level 2. HP: 25/25 MP: 4/4
   460 | D:1      | Reached skill level 3 in Polearms
   918 | D:2      | Identified the ring of the Feeding Gods {rC+ rN+ Str-4
                  | Dex+2}
   935 | D:2      | Noticed Jessica
   942 | D:2      | Killed Jessica
   943 | D:2      | Reached XP level 3. HP: 24/30 MP: 5/5
  1092 | D:2      | Reached skill level 4 in Polearms
  1191 | D:2      | Found Dahojaak's General Store.
  1283 | D:2      | Reached XP level 4. HP: 37/37 MP: 6/6
  1930 | D:3      | Found Tisicwuz's Distillery.
  1969 | D:3      | Gained mutation: Your flesh is cold resistant. (rC+)
                  | [potion of mutation]
  1980 | D:3      | HP: 1/37 [adder (1)]
  1981 | D:3      | Slain by an orc wizard

Illustrated notes

Levels and vault maps discovered:
D:1:      giann_forest_graveyard, layout_loops_corners
D:2:      layout_basic, serial_shops, nicolae_shop_statue_plus, nicolae_titane,
          uniq_jessica
D:3:      kennysheep_big_flooded_room, layout_rooms, serial_shops,
          nicolae_shop_tiny_glass, hellmonk_ecumenical_altar_zigzags,
          kennysheep_generic_room_15, uniq_sigmund

Skill      XL: |  1  2  3 |
---------------+----------+-----
Polearms       | 2 3 4 |  4.4
Fighting       | |  2.6
Armour         | |  2.6
Shields        | |  2.6

Action                     |  1- 3 |  4- 6 || total
---------------------------+-------+-------++-------
  Melee: Trident           |   105 |    40 ||   145
    Use: Potion            |       |     3 ||     3
 Armour: Scale mail        |    24 |    19 ||    43
  Dodge: Dodged            |    35 |    23 ||    58
  Block: Buckler           |    16 |    13 ||    29
